Map: King Sejong Station LE

Players

Gracz - Winner!

  • Race: Zerg Zerg
  • League: Silver

Anzilla

  • Race: Terran Terran
  • League: Silver

VOD

Have the link to the VOD?

Description

Time

  • Played on: Oct. 22, 2016, 3:31 p.m.
  • Length: 19:51
Show
View Real Time Build Order
Export as new Build Order

Gracz Zerg - Winner!

Build Orders: Hatch First, Lurkers 

Get SALT Encoding   

  12  0:01  Drone  
  13  0:19  Overlord  
  13  0:26  Drone  
  14  0:47  Unknown, Hatchery  
  13  1:02  Drone  
  13  1:03  Spawning Pool  
  13  1:20  Drone  
  13  1:21  Extractor, Drone x2  
  15  1:34  Drone  
  15  1:36  Extractor  
  15  1:50  Zergling x2  
  16  1:56  Drone  
  16  1:59  Unknown  
  16  2:00  Drone  
  18  2:05  Queen x2, Drone  
  23  2:16  Zergling x2  
  23  2:17  Zergling x2  
  24  3:07  Drone  
  24  3:08  Drone x2  
  27  3:28  Overlord x2  
  27  3:52  Roach Warren  
  26  4:15  Drone  
  26  4:16  Drone x10  
  37  4:17  Overlord  
  37  4:18  Overlord  
  37  4:22  Queen  
  39  4:48  Roach  
  39  4:49  Roach x5  
  51  5:04  Queen  
  53  5:13  Lair  
  53  5:17  Evolution Chamber  
  53  5:20  Evolution Chamber  
  51  5:22  Roach  
  51  5:23  Roach x3  
  57  5:49  Zerg Melee Weapons Level 1, Zerg Ground Armor Level 1  
  57  5:52  Metabolic Boost  
  49  6:54  Infestation Pit  
  49  6:59  Hydralisk Den  
  47  7:03  Burrow  
  47  7:06  Pneumatized Carapace  
  47  7:07  Overlord x4  
  47  7:27  Roach  
  47  7:28  Roach x10  
  69  7:33  Lurker Den  
  69  7:43  Extractor  
  68  7:45  Extractor  
  67  8:06  Overseer x3  
  67  8:28  Hive  
  67  8:42  Unknown, Hatchery  
  66  8:50  Zergling x18  
  66  8:51  Zergling x14  
  82  9:19  Hydralisk x4  
  82  9:20  Hydralisk  
  82  9:22  Overlord x2  
  92  9:53  Unknown, Lurker  
  92  9:54  Lurker  
  92  9:57  Drone x5  
  92  9:58  Drone x4  
  103  10:12  Drone  
  103  10:13  Drone x2  
  106  10:20  Lurker x2  
  108  10:42  Hydralisk x3  
  88  11:29  Hydralisk  
  88  11:30  Hydralisk x11  
  112  11:41  Hydralisk  
  112  11:43  Overlord x3  
  103  12:35  Roach  
  103  12:36  Roach x8  
  113  12:49  Drone  
  114  13:14  Hydralisk x2, Unknown, Hatchery  
  114  13:15  Hydralisk x6  
  129  13:24  Zerg Ground Armor Level 2  
  129  13:25  Ultralisk Cavern  
  129  13:26  Zerg Melee Weapons Level 2  
  128  13:34  Extractor  
  128  13:35  Drone  
  128  13:36  Extractor  
  127  13:43  Muscular Augments  
  127  13:44  Glial Reconstitution  
  127  13:47  Overlord x3  
  127  13:53  Hydralisk  
  129  13:55  Overlord  
  129  13:56  Overlord x2  
  129  14:26  Unknown  
  129  14:30  Drone x3  
  129  14:31  Drone x4  
  135  14:33  Drone x5  
  135  14:34  Drone x7  
  145  14:52  Lurker x4  
  143  14:53  Lurker  
  143  14:55  Hydralisk, Lurker  
  143  14:56  Hydralisk  
  143  14:59  Overlord x2  
  149  15:04  Extractor  
  149  15:06  Drone x2  
  150  15:07  Drone x3  
  153  15:19  Queen  
  155  15:25  Drone  
  155  15:26  Drone x8  
  161  15:54  Roach x5  
  161  15:55  Roach x6, Zergling x2  
  161  15:56  Zergling x8  
  188  16:16  Ultralisk  
  188  16:17  Ultralisk  
  200  16:23  Extractor  
  199  16:25  Overlord x3  
  177  16:50  Ultralisk x2  
  177  16:51  Ultralisk  
  191  17:08  Chitinous Plating  
  191  17:37  Ultralisk  
  191  17:39  Zergling x4  
  191  17:43  Zergling x2  
  195  18:17  Zergling x22  
Show
View Real Time Build Order
Export as new Build Order

Anzilla Terran 

Build Orders: Reaper Expand 

Get SALT Encoding   

  12  0:08  Supply Depot  
  12  0:15  SCV  
  13  0:27  SCV  
  14  0:33  Barracks  
  14  0:39  SCV  
  15  0:46  Refinery  
  15  0:51  Refinery  
  15  0:55  SCV  
  16  1:07  SCV  
  17  1:19  SCV  
  17  1:23  Reaper  
  20  1:34  Orbital Command  
  19  1:49  Factory  
  19  1:57  Supply Depot  
  19  1:58  Barracks Reactor  
  17  3:15  Factory Tech Lab  
  17  3:23  Unknown, Command Center  
  17  3:28  Barracks  
  17  3:30  Barracks  
  17  3:32  SCV  
  18  3:38  Marine  
  19  3:43  Marine  
  20  3:59  Siege Tank  
  23  4:11  SCV  
  24  4:18  Starport  
  24  4:23  Barracks Reactor  
  24  4:29  Barracks Tech Lab  
  24  4:34  Unknown  
  24  4:44  Barracks  
  24  4:50  Marine x2, Marauder  
  28  4:54  SCV, Siege Tank  
  28  4:56  Starport Reactor  
  32  5:16  Concussive Shells  
  32  5:17  Marine, Marauder  
  32  5:18  Marine x3  
  38  5:23  Engineering Bay  
  38  5:43  Orbital Command  
  38  5:50  Marine x5, Marauder  
  45  6:07  Hi-Sec Auto Tracking  
  45  6:08  Marine  
  46  6:14  Marine  
  46  6:35  Supply Depot  
  46  6:36  Supply Depot  
  46  6:39  Siege Tank  
  49  6:41  Medivac  
  51  6:49  Medivac  
  53  6:56  Marine  
  53  6:57  Marine  
  55  7:13  Building Armor  
  55  7:19  Siege Tank  
  58  7:27  SCV  
  58  7:28  SCV  
  60  7:41  Stimpack  
  60  7:43  Barracks Reactor  
  60  7:52  Barracks  
  60  7:58  Missile Turret x2  
  60  8:00  Missile Turret  
  60  8:04  Armory  
  60  8:16  Missile Turret  
  60  8:18  Missile Turret, SCV x2  
  62  8:25  Siege Tank  
  65  8:36  SCV  
  65  8:37  SCV  
  65  8:40  Barracks Reactor  
  67  8:47  Marauder  
  67  8:48  Marine x5  
  71  8:49  Marine  
  75  8:59  Terran Infantry Weapons Level 1  
  75  9:06  Engineering Bay  
  75  9:12  Infernal Pre-Igniter  
  75  9:19  Marine, Marauder  
  78  9:32  SCV x2  
  80  9:42  Combat Shields  
  80  9:44  SCV x2  
  82  9:50  Refinery  
  82  9:51  Refinery  
  82  9:52  Terran Infantry Armor Level 1  
  82  9:54  Medivac x2  
  86  10:00  Terran Vehicle And Ship Armor Level 1  
  86  10:10  SCV x2  
  86  10:11  Factory  
  88  10:48  Hellbat  
  90  10:59  SCV x2  
  90  11:04  Factory Tech Lab  
  92  11:07  Unknown, Command Center, Terran Infantry Weapons Level 2  
  59  11:35  Siege Tank x2  
  65  11:43  Starport  
  65  11:46  SCV x2  
  67  11:58  Missile Turret  
  58  12:18  Unknown  
  48  12:39  Starport Tech Lab  
  48  12:48  Marauder  
  48  12:49  Marine x6  
  48  12:50  Marine x2  
  58  12:59  Missile Turret  
  58  13:07  Marine  
  58  13:09  Siege Tank x2  
  65  13:15  SCV x2  
  67  13:24  Refinery  
  67  13:25  Marine x6, Marauder  
  67  13:26  Marine x2  
  77  13:27  SCV x2  
  79  13:39  Banshee  
  79  13:41  Cloaking Field  
  82  13:45  Fusion Core  
  82  14:06  Planetary Fortress  
  82  14:14  SCV x2  
  84  14:26  SCV  
  84  14:27  SCV  
  80  14:38  SCV  
  73  14:53  Raven  
  73  14:55  Marine x5, Marauder  
  73  14:56  Marine x3  
  85  15:06  Refinery  
  85  15:08  Refinery  
  85  15:12  Missile Turret  
  85  15:13  Missile Turret  
  85  15:14  Missile Turret  
  85  15:16  Missile Turret  
  85  15:18  Missile Turret  
  85  15:20  SCV x3  
  88  15:24  Terran Vehicle Weapons Level 1  
  88  15:29  Behemoth Reactor  
  88  15:32  SCV  
  89  15:56  Marine  
  92  15:57  Marine x6, Marauder  
  92  15:58  Marine  
  92  16:04  Battlecruiser  
  105  16:14  Marine x2  
  105  16:15  Marine x2  
  109  16:32  Marine  
  98  16:53  Marine x3, Marauder  
  98  16:54  Marine x5  
  108  17:11  Marine  
  109  17:16  Supply Depot  
  109  17:17  Supply Depot  
  109  17:20  Supply Depot  
  109  17:21  Supply Depot  
  109  17:22  Unknown, Command Center  
  109  17:31  Terran Infantry Armor Level 2  
  109  17:38  Battlecruiser, Marauder  
  109  17:39  Hellbat x2  
  109  17:43  Terran Ship Weapons Level 1  
  121  17:56  Marine x4  
  121  17:57  Marine  
  126  17:59  Marauder  
  98  18:34  Unknown  
  98  18:46  Raven  
  98  18:48  Weapon Refit  
  100  18:49  Starport Tech Lab  
  100  19:08  Marine, Marauder  
  100  19:09  Marine x7  
  109  19:26  Marine x3  
Tags
 
Add a new tag
Caveats
  • Supply blocks, unpowered buildings, or Contaminate may cause inaccurate times.
  • Supply counts are checked every 10 seconds.